 Dungeon Crawl Stone Soup version 0.23.2-33-g5129a83184 (webtiles) character file.

Game seed: 16957706907665934755

184 psyvane the Sneak (level 5, -8/26 HPs)
             Began as a Vine Stalker Assassin on June 30, 2019.
             Was an Initiate of Dithmenos.
             Mangled by an iguana (13 damage)
             ... on level 4 of the Dungeon.
             The game lasted 00:15:51 (2555 turns).

psyvane the Sneak (Vine Stalker Assassin)           Turns: 2555, Time: 00:15:52

Health: -8/26      AC:  4    Str: 14    XL:     5   Next: 64%
Magic:  0/6        EV: 12    Int: 11    God:    Dithmenos [......]
Gold:   214        SH:  0    Dex: 16    Spells: 4/4 levels left

rFire    + . .     SeeInvis .   r - +0 dagger (speed)
rCold    . . .     Gourm    .   (no shield)
rNeg     . . .     Faith    .   a - +1 robe {rF+}
rPois    .         Spirit   +   (no helmet)
rElec    .         Reflect  .   d - +0 cloak
rCorr    .         Harm     .   (no gloves)
MR       .....                  (no boots)
Stlth    ++++......             (no amulet)
HPRegen  0.48/turn              (no ring)
MPRegen  0.10/turn              (no ring)

@: no status effects
A: fangs 2, regeneration 1, magic shield, antimagic bite, no potion heal 3, rot
immunity
a: Renounce Religion


You were on level 4 of the Dungeon.
You worshipped Dithmenos.
Dithmenos was noncommittal.
You were not hungry.

You visited 1 branch of the dungeon, and saw 5 of its levels.

You collected 214 gold pieces.

Inventory:

Hand Weapons
 b - a +0 blowgun
 o - a +2 dagger of venom
 r - a +0 dagger of speed (weapon)
Missiles
 e - 8 poisoned needles
 f - 2 curare-tipped needles
 j - 5 needles of confusion
Armour
 a - a +1 robe of fire resistance (worn)
 d - a +0 cloak (worn)
Jewellery
 k - a cursed amulet of inaccuracy {unknown}
Wands
 l - a wand of paralysis (7)
 p - a wand of disintegration (10)
Scrolls
 c - a scroll of immolation {unknown}
 h - a scroll of identify
Potions
 i - 2 potions of curing
 m - a potion of mutation
 n - a potion of ambrosia
Comestibles
 g - 5 rations
 q - 2 chunks of flesh


   Skills:
 - Level 1.7 Fighting
 * Level 3.2 Short Blades
 - Level 1.8 Throwing
 - Level 1.0 Dodging
 * Level 7.3 Stealth


You had 4 spell levels left.
You didn't know any spells.
Your spell library contained the following spells:

 Spells                   Type           Power        Failure   Level  Hunger
 Confusing Touch          Hex            #.....       34%         1    ##.....
 Confuse                  Hex            #.......     71%         3    ####...
 Gell's Gravitas          Tloc           #.........   71%         3    ####...
 Petrify                  Tmut/Erth      #.......     98%         4    #####..
 Metabolic Englaciation   Hex/Ice        #.........   100%        5    ######.
 Yara's Violent Unravell  Hex/Tmut       #.........   100%        5    ######.


Dungeon Overview and Level Annotations

Branches:
Dungeon (5/15)             Temple (0/1) D:4

Altars:
Ashenzari
Dithmenos

Annotations:
D:3 Natasha


Innate Abilities, Weirdness & Mutations

You have extremely sharp teeth.
Your natural rate of healing is unusually fast.
When hurt, damage is shared between your health and your magic reserves.
Your bite disrupts and absorbs the magic of your enemies.
Potions cannot restore your health.
You are immune to rotting.


Message History

The iguana is heavily wounded.
You closely miss the iguana. Your bite misses the iguana.
The iguana is heavily wounded.
The iguana bites you!
You hit the iguana but do no damage. You bite the iguana, but do no damage.
The iguana is heavily wounded.
You hit the iguana but do no damage. Your bite misses the iguana.
The iguana is heavily wounded.
The iguana bites you!
You are too injured to fight recklessly!
You are too injured to fight recklessly!
You are too injured to fight recklessly!
You hit the iguana. You bite the iguana, but do no damage.
The iguana is severely wounded.
The iguana bites you.
* * * LOW HITPOINT WARNING * * *
The orc shouts!
The iguana bites you!
Ouch! That really hurt!
You die...

.##..#####.#.# ### #
#..#####.#.####.###
#......w.........##
#..#####.#.####....
#..........# ##### #
........###
#.###.##.####
#...l.#.#.############
#o.@.###.........)..
#...###.#.############
##.#####.## #.......#
#########


You could see an iguana and an orc.

Vanquished Creatures
  An orc priest (D:4)
  An orc wizard (D:5)
  Natasha (D:3)
  2 adders (D:2)
  2 adder skeletons (D:4)
  3 dart slugs
  6 orcs
  2 ball pythons
  7 bats
  A giant cockroach (D:1)
  9 goblins
  6 hobgoblins
  3 jackals (D:2)
  8 kobolds
  A quokka (D:2)
  3 frilled lizards
  10 rats
66 creatures vanquished.

Notes
Turn   | Place    | Note
-------+----------+-------------------------------------------
     0 | D:1      | psyvane the Vine Stalker Assassin began the quest for the
                  | Orb.
     0 | D:1      | Reached XP level 1. HP: 11/11 MP: 2/2
    10 | D:1      | Reached skill level 5 in Stealth
    27 | D:1      | Reached XP level 2. HP: 7/15 MP: 1/3
   234 | D:1      | Reached skill level 1 in Dodging
   387 | D:1      | Reached XP level 3. HP: 18/18 MP: 4/4
   770 | D:2      | Reached skill level 6 in Stealth
  1215 | D:2      | Gained mutation: Your natural rate of healing is unusually
                  | fast. [Vine Stalker growth]
  1215 | D:2      | Reached XP level 4. HP: 23/23 MP: 5/5
  1485 | D:3      | Found a shattered altar of Ashenzari.
  1625 | D:3      | Found a shadowy altar of Dithmenos.
  1647 | D:3      | Became a worshipper of Dithmenos the Shadowed
  1710 | D:3      | Noticed Natasha
  1745 | D:3      | Killed Natasha
  1815 | D:3      | Noticed Natasha
  2143 | D:5      | Entered Level 5 of the Dungeon
  2146 | D:5      | Reached skill level 7 in Stealth
  2146 | D:5      | Reached XP level 5. HP: 10/26 MP: 2/6
  2293 | D:4      | Found a staircase to the Ecumenical Temple.
  2350 | D:4      | Noticed an ogre
  2555 | D:4      | Mangled by an iguana

Skill      XL: |  1  2  3  4 |
---------------+-------------+-----
Stealth        | 5 6 7 |  7.3
Dodging        | 1 |  1.0
Short Blades   | 2 3 |  3.2
Fighting       | |  1.7
Throwing       | |  1.8

Action                   |  1- 3 |  4- 6 || total
-------------------------+-------+-------++-------
Melee: Dagger            |    89 |   126 ||   215
       Bite              |    14 |    30 ||    44
  Use: Scroll            |     4 |     6 ||    10
       Potion            |       |     2 ||     2
 Stab: Sleeping          |     8 |     8 ||    16
  Eat: Chunk             |     1 |     4 ||     5
Armor: Robe              |    18 |    15 ||    33
Dodge: Dodged            |    47 |    34 ||    81
